 Dungeon Crawl Stone Soup version 0.23.2-33-g5129a83184 (webtiles) character file.

Game seed: 10126614519230126925

111 funkygono the Conjurer (level 4, -1/33 HPs)
             Began as a Draconian Conjurer on June 29, 2019.
             Slain by a gnoll
             ... wielding a +0 spear
              (4 damage)
             ... on level 3 of the Dungeon.
             The game lasted 00:06:22 (2424 turns).

funkygono the Conjurer (Draconian Conjurer)         Turns: 2424, Time: 00:06:23

Health: -1/33      AC:  5    Str: 10    XL:     4   Next: 62%
Magic:  1/8        EV: 12    Int: 16    God:
Gold:   74         SH:  0    Dex: 12    Spells: 2/8 levels left

rFire    . . .     SeeInvis .   e - +0 club
rCold    . . .     Gourm    .   (no shield)
rNeg     . . .     Faith    .   (armour unavailable)
rPois    .         Spirit   .   (helmet restricted)
rElec    .         Reflect  .   l - scarf {cloud immunity}
rCorr    .         Harm     .   (no gloves)
MR       .....                  (no boots)
Stlth    ++........             (no amulet)
HPRegen  0.11/turn              (no ring)
MPRegen  0.11/turn              (no ring)

@: no status effects
A: unfitting armour, cold-blooded, AC +5
a: no special abilities


You were on level 3 of the Dungeon.
You were not hungry.

You visited 1 branch of the dungeon, and saw 3 of its levels.

You collected 74 gold pieces.

Inventory:

Hand Weapons
 e - a +0 club (weapon)
Missiles
 f - 58 stones (quivered)
Armour
 l - a scarf of cloud immunity (worn)
Scrolls
 a - a scroll of teleportation
Potions
 d - a potion of might
 g - 2 potions of cancellation
 m - a potion of haste
Comestibles
 b - 4 rations
 c - 4 chunks of flesh


   Skills:
 + Level 0.2 Fighting
 + Level 0.1 Maces & Flails
 + Level 1.9 Dodging
 + Level 2.0 Stealth
 * Level 2.8 Spellcasting
 * Level 5.3 Conjurations


You had 2 spell levels left.
You knew the following spells:

 Your Spells              Type           Power        Failure   Level  Hunger
a - Magic Dart            Conj           ###.         1%          1    #......
b - Searing Ray           Conj           ###...       3%          2    ##.....
c - Dazzling Spray        Conj/Hex       ##....       19%         3    ###....

Your spell library contained the following spells:

 Spells                   Type           Power        Failure   Level  Hunger
 Iskenderun's Mystic Bla  Conj           ###.....     21%         4    #####..
 Force Lance              Conj/Tloc      ##......     54%         4    #####..
 Fulminant Prism          Conj/Hex       ##........   54%         4    #####..


Dungeon Overview and Level Annotations

Branches:
Dungeon (3/15)

Altars:


Innate Abilities, Weirdness & Mutations

Your plain brown scales are hard. (AC +5)
You cannot fit into any form of body armour.
You are cold-blooded and may be slowed by cold attacks.


Message History

The gnoll hits you from afar with a +0 spear!
The gnoll hits you with a +0 spear.
Casting: Magic Dart (safe; 1% risk of failure)
Confirm with . or Enter, or press ? or * to list all spells.
Aiming: Searing Ray (safe; 3% risk of failure)
Press: ? - help, Shift-Dir - straight line, f - gnoll
Aim: a gnoll, wielding a +0 spear The searing ray hits the gnoll!
The gnoll is heavily wounded. (Press . to maintain the ray.)
The gnoll closely misses you.
Without enough magic to sustain it, your searing ray dissipates.
The gnoll hits you with a +0 spear!
* * * LOW HITPOINT WARNING * * *
You closely miss the gnoll.
The gnoll is heavily wounded.
The gnoll hits you with a +0 spear.
* * * LOW HITPOINT WARNING * * *
The gnoll hits you with a +0 spear.
You die...

## #.........# ..
#.#....#.## #.
###.#....#.#
#.##..........#
#.#..##.##..### .
#.......÷..## ...
##...###.###
#...##)...###÷###
#....g@#...##...##
#...###..........#..
#.. #.?...........#
# #...÷........##
#.....>.).(..#
##..........##
##...##...##
##########


You could see a gnoll.

Vanquished Creatures
  A hound skeleton (D:2)
  2 gnolls
  2 oozes (D:2)
  An adder skeleton (D:2)
  2 worms (D:2)
  A dart slug (D:1)
  6 leopard geckos
  6 bats
  2 bat skeletons (D:2)
  4 giant cockroaches
  6 goblins (D:2)
  3 hobgoblins
  2 jackals (D:3)
  A quokka (D:2)
  A frilled lizard (D:1)
  A jackal skeleton (D:2)
  5 kobolds (D:1)
  2 leopard gecko zombies (D:2)
  A quokka skeleton (D:2)
  4 rats
53 creatures vanquished.

Notes
Turn   | Place    | Note
-------+----------+-------------------------------------------
     0 | D:1      | funkygono the Draconian Conjurer began the quest for the
                  | Orb.
     0 | D:1      | Reached XP level 1. HP: 14/14 MP: 3/3
   303 | D:1      | Reached XP level 2. HP: 5/20 MP: 0/5
   557 | D:1      | Learned a level 2 spell: Searing Ray
   837 | D:1      | Reached XP level 3. HP: 26/26 MP: 0/6
  1423 | D:2      | Learned a level 3 spell: Dazzling Spray
  1484 | D:2      | Reached skill level 5 in Conjurations
  1751 | D:2      | Reached XP level 4. HP: 33/33 MP: 1/8
  2073 | D:2      | Found a faded altar of an unknown god.
  2424 | D:3      | Slain by a gnoll

Skill      XL: |  1  2  3  4 |
---------------+-------------+-----
Conjurations   | 5 |  5.3
Stealth        | 2 |  2.0
Fighting       | |  0.2
Maces & Flails | |  0.1
Dodging        | |  1.9
Spellcasting   | |  2.8

Action                   |  1- 3 |  4- 6 || total
-------------------------+-------+-------++-------
Melee: Club              |    48 |    13 ||    61
       Unarmed           |     6 |       ||     6
       Tailslap          |     4 |     3 ||     7
 Cast: Magic Dart        |    71 |    34 ||   105
       Searing Ray       |     2 |     3 ||     5
       Dazzling Spray    |     1 |       ||     1
  Use: Scroll            |     3 |     4 ||     7
 Stab: Sleeping          |       |     1 ||     1
  Eat: Chunk             |     4 |     2 ||     6
Armor: Skin              |    25 |     6 ||    31
Dodge: Dodged            |    54 |    14 ||    68
